 Dungeon Crawl Stone Soup version 0.17-a0-1450-g7e755d1 (webtiles) character file.

136 Chiseanne the Magician (level 4, -8/33 HPs)
             Began as a Demonspawn Wanderer on June 30, 2015.
             Blown up by Ijyb (19 damage)
             ... with a wand of disintegration
             ... on level 3 of the Dungeon.
             The game lasted 00:09:16 (3131 turns).

Chiseanne the Magician (Demonspawn Wanderer)        Turns: 3131, Time: 00:09:16

Health: -8/33      AC:  3    Str: 11    XL:     4   Next: 98%
Magic:  10/10      EV: 13    Int: 15    God:
Gold:   109        SH:  0    Dex: 13    Spells: 4 memorised, 5 levels left

rFire  . . .     SeeInvis .     s - +1 dagger (venom)
rCold  . . .     Clarity  .     d - +1 robe
rNeg   . . .     SustAt   .     (no shield)
rPois  .         Gourm    .     (helmet restricted)
rElec  .         Spirit   .     (no cloak)
rCorr  .         Warding  .     (no gloves)
rMut   .         Stasis   .     (no boots)
MR     .....                    i - amulet of rage
Stlth  ++........               (no ring)
                                (no ring)

@: not resistant to hostile enchantments, unstealthy
A: horns 1, repulsion field 1, demonic guardian 1
a: Evoke Berserk Rage


You were on level 3 of the Dungeon.
You were not hungry.

You visited 1 branch of the dungeon, and saw 3 of its levels.

You collected 109 gold pieces.

Inventory:

Hand weapons
 a - a +0 spear
 s - a +1 dagger of venom (weapon)
 w - a +0 blowgun
Missiles
 t - 5 curare-tipped needles
 u - 5 poisoned needles
Armour
 d - a +1 robe (worn)
 j - a +0 shield
Jewellery
 i - an amulet of rage (around neck)
Scrolls
 n - a scroll of teleportation
Potions
 h - a potion of heal wounds
 k - 3 potions of curing
 m - a potion of brilliance {unknown}
 o - a potion of degeneration {unknown}
 q - a potion of flight {unknown}
Books
 b - a book of Minor Magic

   Spells                             Type                      Level
   a - Magic Dart                     Conjuration                  1
   b - Blink                          Translocation                2
   c - Call Imp                       Summoning                    2
   d - Repel Missiles                 Charms/Air                   2
   e - Slow                           Hexes                        2
   f - Conjure Flame                  Conjuration/Fire             3
   g - Mephitic Cloud                 Conjuration/Poison/Air       3
 c - the Guide on Combat Magic and Weightlessness

   Spells                             Type                      Level
   a - Shock                          Conjuration/Air              1
   b - Mephitic Cloud                 Conjuration/Poison/Air       3
Comestibles
 e - 2 bread rations
 f - 5 chunks of flesh
 g - a meat ration
 l - a slice of pizza
 p - a fruit


   Skills:
 - Level 2.0 Fighting
 - Level 1.0 Throwing
 - Level 1.0 Dodging
 - Level 1.0 Stealth
 + Level 4.1 Spellcasting
 + Level 3.7 Conjurations
 - Level 1.0 Air Magic


You had 5 spell levels left.
You knew the following spells:

 Your Spells              Type           Power        Failure   Level  Hunger
a - Magic Dart            Conj           ##..         4%          1    None
b - Shock                 Conj/Air       ##..         10%         1    None
c - Repel Missiles        Chrm/Air       #.....       21%         2    ##.....
d - Call Imp              Summ           #.......     28%         2    ##.....


Dungeon Overview and Level Annotations

Branches:
Dungeon (3/15)

Altars:

Annotations:
D:3 Ijyb


Innate Abilities, Weirdness & Mutations

You have a pair of small horns on your head.
You are surrounded by a mild repulsion field (EV +2).
A weak demonic guardian rushes to your aid.


Message History

You hit Ijyb. You headbutt Ijyb, but do no damage.
Ijyb is lightly wounded.
Ijyb zaps a wand.
You barely resist.
It is a wand of disintegration.
Your crimson imp hits Ijyb.
You closely miss Ijyb. You headbutt Ijyb, but do no damage.
Ijyb is moderately wounded.
Ijyb zaps a wand.
You barely resist.
Your crimson imp closely misses Ijyb.
You closely miss Ijyb.
Ijyb is moderately wounded.
Ijyb hits you but does no damage.
Your crimson imp barely misses Ijyb.
You hit Ijyb but do no damage.
Ijyb is moderately wounded.
Ijyb zaps a wand.
You are blasted!
Ouch! That really hurt!
Your crimson imp hits Ijyb but does no damage.
You hit Ijyb.
Ijyb is heavily wounded.
Ijyb zaps a wand.
You are blasted!
Ouch! That really hurt!
You die...

****.......<.# #.#*
*,,,.........# #..*
*,,*#......>.# ##.##
**,*..##.....# *... *,,.#*#.....#
*### *,,,..####### #######
***,,*#....#############......
*,,,,,***#...5...............#
****,,,,,***##.g@.#########....%#
,,,,,,,,,......##..#*** #.....#
****,,,,,###..**##...?****######.
***********##,* *###...,,,,* #.
*,*,*,,,*,*,*,* **##,,,,* #.
,,*,,,*,,,*,,,* *,,,,* #.
*,,,*,*,*,,,*,* *,,,,* ##
*,,,*,*,*,,,*,* ******
,,*,,,*,,,*,,,*


You could see Ijyb and a friendly crimson imp.

Vanquished Creatures
  An orc priest (D:3)
  3 adders (D:2)
  A worm (D:1)
  3 giant geckos
  2 orcs (D:3)
  4 ball pythons
  A giant cockroach (D:1)
  8 hobgoblins
  9 kobolds
  7 bats
  5 giant newts
  6 goblins
  4 jackals
  7 rats
61 creatures vanquished.

Vanquished Creatures (collateral kills)
  An orc wizard (D:3)
  2 orcs (D:3)
  A jackal (D:3)
  A kobold (D:3)
5 creatures vanquished.

Vanquished Creatures (others)
  A bat (D:1)
1 creature vanquished.

Grand Total: 67 creatures vanquished

Notes
Turn   | Place    | Note
--------------------------------------------------------------
     0 | D:1      | Chiseanne the Demonspawn Wanderer began the quest for the Orb.
     0 | D:1      | Chiseanne set off with: a book of Minor Magic, a +0 spear, the Guide on Combat Magic and Weightlessness, a +0 robe, a bread ration
     0 | D:1      | Reached XP level 1. HP: 16/16 MP: 4/4
     0 | D:1      | Identified the Guide on Combat Magic and Weightlessness
     2 | D:1      | Learned a level 1 spell: Magic Dart
   430 | D:1      | Gained mutation: You are surrounded by a mild repulsion field (EV +2). [demonic ancestry]
   430 | D:1      | Reached XP level 2. HP: 22/22 MP: 0/6
   492 | D:1      | Learned a level 1 spell: Shock
   495 | D:1      | Learned a level 2 spell: Repel Missiles
   498 | D:1      | Learned a level 2 spell: Call Imp
  1312 | D:1      | Gained mutation: A weak demonic guardian rushes to your aid. [demonic ancestry]
  1312 | D:1      | Reached XP level 3. HP: 15/27 MP: 2/8
  2468 | D:2      | Gained mutation: You have a pair of small horns on your head. [demonic ancestry]
  2468 | D:2      | Reached XP level 4. HP: 26/33 MP: 0/9
  2916 | D:3      | Reached skill level 4 in Spellcasting
  3119 | D:3      | Noticed Ijyb
  3131 | D:3      | Blown up by Ijyb

Vault maps used:
D:1:      lordsloth_arrival_two_stooges, lemuel_another_geyser
D:3:      minmay_misc_feat_alley, serial_bayou_pond_e, uniq_iyjb

Action                   |  1- 3 |  4- 6 || total
-------------------------+-------+-------++-------
Melee: Spear             |    21 |       ||    21
       Dagger            |       |    29 ||    29
 Cast: Magic Dart        |   117 |    18 ||   135
       Call Imp          |     2 |       ||     2
  Use: Scroll            |     5 |     5 ||    10
  Eat: Chunk             |     5 |     2 ||     7
